 Dungeon Crawl Stone Soup version 0.21.1-1-g345015f (webtiles) character file.

79 teukkam the Skirmisher (level 4, 0/41 HPs)
             Began as a Gnoll Wanderer on Feb 19, 2018.
             Succumbed to a worker ant's poison
             ... on level 4 of the Dungeon.
             The game lasted 00:08:52 (1957 turns).

teukkam the Skirmisher (Gnoll Wanderer)             Turns: 1957, Time: 00:08:53

Health: 0/41       AC: 10    Str: 13    XL:     4   Next: 37%
Magic:  5/5        EV:  5    Int: 15    God:
Gold:   63         SH:  9    Dex: 18    Spells: 5/5 levels left

rFire    . . .     SeeInvis .   s - -3 short sword (curse)
rCold    . . .     Gourm    .   e - +0 shield
rNeg     . . .     Faith    .   k - +0 chain mail
rPois    +         Spirit   .   n - +0 helmet
rElec    .         Reflect  .   (no cloak)
rCorr    .         Harm     .   d - +0 pair of gloves
MR       +....                  (no boots)
Stlth    ..........             (no amulet)
HPRegen  0.13/turn              h - ring of poison resistance
MPRegen  0.09/turn              (no ring)

@: lethally poisoned (0 -> -3), hasted, very quick
A: distributed training, fangs 1, clever 1, low mp 1, magic resistance 1, strong
nose
a: no special abilities


You were on level 4 of the Dungeon.
You were not hungry.

You visited 1 branch of the dungeon, and saw 5 of its levels.

You collected 63 gold pieces.

Inventory:

Hand Weapons
 a - a +0 dagger
 b - a +1 hunting sling
 s - a cursed -3 short sword (weapon)
Missiles
 j - 72 stones (quivered)
 o - 12 poisoned needles
Armour
 d - a +0 pair of gloves (worn)
 e - a +0 shield (worn)
 k - a +0 chain mail (worn)
 n - a +0 helmet (worn)
Jewellery
 h - a ring of poison resistance (left hand)
Scrolls
 i - a scroll of enchant weapon
 l - 2 scrolls of blinking
 q - 2 scrolls of identify
Potions
 m - a potion of invisibility
Comestibles
 f - 4 rations


   Skills:
 + Level 6.6 Fighting
 + Level 1.1 Short Blades
 + Level 1.1 Long Blades
 + Level 1.1 Axes
 + Level 2.7 Maces & Flails
 + Level 1.1 Polearms
 + Level 1.1 Staves
 + Level 1.1 Slings
 + Level 1.1 Bows
 + Level 1.1 Crossbows
 + Level 1.1 Throwing
 + Level 1.1 Armour
 + Level 4.6 Dodging
 + Level 2.5 Stealth
 + Level 4.6 Shields
 + Level 2.7 Unarmed Combat
 + Level 1.1 Spellcasting
 + Level 0.8 Conjurations
 + Level 0.8 Hexes
 + Level 0.8 Charms
 + Level 0.8 Summonings
 + Level 0.8 Necromancy
 + Level 0.8 Translocations
 + Level 0.8 Transmutations
 + Level 0.8 Fire Magic
 + Level 0.8 Ice Magic
 + Level 0.8 Air Magic
 + Level 0.8 Earth Magic
 + Level 0.8 Poison Magic
 + Level 1.2 Invocations
 + Level 1.1 Evocations


You had 5 spell levels left.
You didn't know any spells.

Dungeon Overview and Level Annotations

Branches:
Dungeon (5/15)
 Temple: D:4-7

Altars:
Sif Muna

Annotations:
D:3 SaintRoka's ghost, amateur OgGl
D:5 Prince Ribbit


Innate Abilities, Weirdness & Mutations

Your experience applies equally to all skills.
You have very sharp teeth.
Your uncanny sense of smell can sniff out nearby items.
Your mind is acute. (Int +2)
Your magical capacity is low. (-10% MP)
You are resistant to hostile enchantments. (MR+)


Message History

Unknown command.
It was a potion of haste.
You feel yourself speed up. The worker ant barely misses you.
* * * LOW HITPOINT WARNING * * *
You feel sick.
* * * LOW HITPOINT WARNING * * *
You feel sick.
* * * LOW HITPOINT WARNING * * *
You feel sick.
* * * LOW HITPOINT WARNING * * *
You feel sick.
* * * LOW HITPOINT WARNING * * *
You feel sick.
You open the door.
* * * LOW HITPOINT WARNING * * *
You feel sick.
There is an open door here.
* * * LOW HITPOINT WARNING * * *
You feel sick.
You die...

# #.###.# #..## #.# #. #.####..#
#.# # #.......# #.# ###
#######'## #.# #.. ##...## #.##
#.### ##.....## ##..# #.#.##
##.......## ##.#.#
######....####.........####....#
.............'..@....a.'.......#
###....####.........####....#
#.#.## ##.......## ##.#.## #.###
##.....## ####..# #.# ##...#..
..##.# #.### ##+##.## #.##.#
#...# .# .# ####.##.# ###.# #.#
.# #.$.....# #.#
#######.##.###.##.####


You could see a worker ant.

Vanquished Creatures
  2 adders
  An ooze (D:1)
  A worm (D:2)
  2 dart slugs (D:1)
  An orc (D:3)
  7 bats
  A giant cockroach (D:1)
  7 hobgoblins
  4 jackals
  A quokka (D:4)
  2 ball pythons (D:1)
  4 frilled lizards
  3 goblins
  8 kobolds
  4 rats
48 creatures vanquished.

Notes
Turn   | Place    | Note
-------+----------+-------------------------------------------
     0 | D:1      | teukkam the Gnoll Wanderer began the quest for the Orb.
     0 | D:1      | teukkam set off with: a +0 shield, a potion of curing, a potion of lignification, a +0 robe, a +0 dagger, a ration
     0 | D:1      | Reached XP level 1. HP: 23/23 MP: 1/1
   152 | D:1      | Reached XP level 2. HP: 28/29 MP: 2/2
   423 | D:2      | Reached XP level 3. HP: 26/35 MP: 3/3
   459 | D:2      | Found a deep blue altar of Sif Muna.
   741 | D:2      | Reached skill level 1 in Invocations
  1002 | D:1      | Gained mutation: You are resistant to hostile enchantments. (MR+) [potion of mutation]
  1002 | D:1      | Gained mutation: Your magical capacity is low. (-10% MP) [potion of mutation]
  1002 | D:1      | Gained mutation: Your mind is acute. (Int +2) [potion of mutation]
  1022 | D:1      | Reached skill level 1 in Short Blades
  1022 | D:1      | Reached skill level 1 in Long Blades
  1022 | D:1      | Reached skill level 1 in Axes
  1022 | D:1      | Reached skill level 1 in Polearms
  1022 | D:1      | Reached skill level 1 in Staves
  1022 | D:1      | Reached skill level 1 in Slings
  1022 | D:1      | Reached skill level 1 in Bows
  1022 | D:1      | Reached skill level 1 in Crossbows
  1022 | D:1      | Reached skill level 1 in Throwing
  1022 | D:1      | Reached skill level 1 in Armour
  1022 | D:1      | Reached skill level 1 in Spellcasting
  1022 | D:1      | Reached skill level 1 in Evocations
  1279 | D:2      | Reached XP level 4. HP: 3/41 MP: 4/4
  1750 | D:3      | Noticed SaintRoka's ghost (amateur OgGl)
  1802 | D:5      | Entered Level 5 of the Dungeon
  1802 | D:5      | Noticed Prince Ribbit
  1950 | D:4      | HP: 2/41 [poisoned by a worker ant]
  1957 | D:4      | Succumbed to a worker ant's poison

Skill      XL: |  1  2  3 |
---------------+----------+-----
Invocations    | 1 |  1.2
Short Blades   | 1 |  1.1
Long Blades    | 1 |  1.1
Axes           | 1 |  1.1
Polearms       | 1 |  1.1
Staves         | 1 |  1.1
Slings         | 1 |  1.1
Bows           | 1 |  1.1
Crossbows      | 1 |  1.1
Throwing       | 1 |  1.1
Armour         | 1 |  1.1
Spellcasting   | 1 |  1.1
Evocations     | 1 |  1.1
Fighting       | |  6.6
Maces & Flails | |  2.7
Dodging        | |  4.6
Stealth        | |  2.5
Shields        | |  4.6
Unarmed Combat | |  2.7
Conjurations   | |  0.8
Hexes          | |  0.8
Charms         | |  0.8
Summonings     | |  0.8
Necromancy     | |  0.8
Translocations | |  0.8
Transmutations | |  0.8
Fire Magic     | |  0.8
Ice Magic      | |  0.8
Air Magic      | |  0.8
Earth Magic    | |  0.8
Poison Magic   | |  0.8

Action                   |  1- 3 |  4- 6 || total
-------------------------+-------+-------++-------
Melee: Dagger            |    73 |       ||    73
       Bite              |    29 |     9 ||    38
       Short sword       |   142 |    89 ||   231
 Fire: Hunting sling     |    16 |       ||    16
Throw: Stone             |    10 |       ||    10
  Use: Potion            |     7 |     1 ||     8
       Scroll            |     4 |       ||     4
 Stab: Sleeping          |     5 |     1 ||     6
  Eat: Chunk             |     1 |       ||     1
       Ration            |       |     1 ||     1
Armor: Robe              |    33 |     5 ||    38
       Skin              |    45 |       ||    45
       Chain mail        |       |    32 ||    32
Dodge: Dodged            |   123 |    36 ||   159
Block: Shield            |   138 |    50 ||   188
